AoeStats
← vallntin

Black Forest

505513525Analyzed
1v1 RM · 24d ago on Sep 9, 2026· 44m 10s· 2 players
Game mode
Random Map
Map size
Tiny (2 player)
Population
200
Speed
Normal
Resources
Standard
Victory
Conquest
Starting age
Dark Age
Ending age
Imperial Age
RankedLock teamsTeams togetherTeam positionsShared explorationLock speedFull tech treeHidden civsTurbo modeCheats
Victory
Defeat
🇦🇷 Persians · Argentina
1121
+16
🇩🇪 Berbers · Germany
1130
-16
theWarlock
0:51 Loom
13:52 Feudal Age
14:59 Double-Bit Axe
17:44 Castle Age
15:39 Horse Collar
18:52 Bow Saw
18:44 Heavy Plow
23:52 Wheelbarrow
25:46 Hand Cart
26:10 Town Watch
28:49 Scale Barding Armor
29:33 Forging
32:17 Imperial Age
30:28 Chain Barding Armor
30:54 Town Patrol
30:50 Gold Mining
31:44 Iron Casting
32:29 Gold Shaft Mining
31:48 Stone Mining
33:15 Plate Barding Armor
33:13 Crop Rotation
33:46 Two-Man Saw
33:58 Bloodlines
33:49 Husbandry
35:05 Blast Furnace
34:33 Elite War Elephant
36:16 Stone Shaft Mining
36:18 Conscription
36:25 Conscription
36:42 Fletching
38:43 Chemistry
38:00 Bodkin Arrow
38:08 Padded Archer Armor
39:22 Ballistics
44:36 Citadels
vallntin
0:26 Loom
14:01 Feudal Age
17:57 Castle Age
17:18 Double-Bit Axe
17:16 Horse Collar
18:59 Bow Saw
18:58 Heavy Plow
25:28 Wheelbarrow
28:02 Hand Cart
29:12 Bloodlines
29:03 Husbandry
33:41 Imperial Age
32:36 Scale Barding Armor
32:23 Fletching
32:33 Padded Archer Armor
33:48 Heavy Camel Rider
34:50 Chain Barding Armor
34:27 Bodkin Arrow
34:47 Leather Archer Armor
35:12 Crop Rotation
34:43 Town Watch
34:28 Elite Camel Archer
36:04 Ballistics
37:03 Chemistry
36:38 Maghrebi Camels
38:41 Town Patrol
39:26 Plate Barding Armor
40:40 Thumb Ring
40:53 Bracer
41:24 Ring Archer Armor
Connection lost

Rejoining the realm…

Still unreachable

The connection could not be restored.

Session expired

The server has moved on; the page needs a fresh start.